2287 views
Uploaded 2022-04-26 00:21:41
Game version 1.32.3
61:57 long 4on4 ladder game on (8)NerubianPassage
Saved by Cabeelibob
2287 views
Uploaded 2022-04-26 00:21:41
Game version 1.32.3
61:57 long 4on4 ladder game on (8)NerubianPassage


181 units @ 16.9k
/ 2.3k
265 buildings @ 21.5k
/ 10.1k
DudeWhy
(236)
(61:40) : 

| Peasant | 21 | 1575 | / | 0 |
| Mortar Team | 7 | 1260 | / | 490 |
| Siege Engine | 1 | 195 | / | 60 |
| Flying Machine | 5 | 500 | / | 150 |
| total: | 34 | 3530g | / | 700w |
| Scout Tower | 19 | 570 | / | 380 |
| Arcane Tower | 1 | 70 | / | 50 |
| Guard Tower | 4 | 280 | / | 200 |
| Altar of Kings | 3 | 540 | / | 150 |
| Farm | 14 | 1120 | / | 280 |
| Lumber Mill | 3 | 360 | / | 0 |
| Town Hall | 1 | 385 | / | 205 |
| Blacksmith | 1 | 140 | / | 60 |
| Workshop | 3 | 420 | / | 420 |
| Keep | 1 | 320 | / | 210 |
| Castle | 1 | 360 | / | 210 |
| total: | 44 | 3535g | / | 1495w |
| 0:04 | Peasant |
| 0:09 | Altar of Kings |
| 0:11 | Peasant |
| 0:26 | Peasant |
| 0:32 | Farm |
| 0:34 | Peasant |
| 0:57 | Peasant |
| 1:21 | Peasant |
| 1:22 | Farm |
| 1:27 | Scout Tower |
| 1:29 | Peasant |
| 1:47 | Peasant |
| 1:53 | Farm |
| 1:59 | Arcane Tower |
| 2:29 | Scout Tower |
| 2:31 | Scout Tower |
| 2:33 | Scout Tower |
| 2:40 | Peasant |
| 2:44 | Peasant |
| 2:59 | Storm Bolt |
| 3:08 | Peasant |
| 3:36 | Lumber Mill |
| 3:40 | Peasant |
| 3:40 | Peasant |
| 4:37 | Improved Masonry |
| 4:40 | Farm |
| 5:02 | Guard Tower |
| 5:14 | Peasant |
| 5:14 | Peasant |
| 5:14 | Peasant |
| 6:29 | Town Hall |
| 6:52 | Peasant |
| 6:52 | Peasant |
| 6:52 | Peasant |
| 8:00 | Peasant |
| 8:00 | Peasant |
| 8:07 | Keep |
| 9:45 | Blacksmith |
| 10:13 | Black Gunpowder |
| 10:13 | Studded Leather Armor |
| 10:33 | Improved Lumber Harvesting |
| 10:33 | Advanced Masonry |
| 10:54 | Workshop |
| 10:56 | Workshop |
| 10:58 | Workshop |
| 11:31 | Refined Gunpowder |
| 12:36 | Castle |
| 12:44 | Flak Cannons |
| 12:45 | Flare |
| 13:31 | Reinforced Leather Armor |
| 13:31 | Iron Plating |
| 13:44 | Holy Light |
| 14:15 | Scout Tower |
| 14:16 | Scout Tower |
| 14:17 | Scout Tower |
| 14:17 | Scout Tower |
| 14:18 | Scout Tower |
| 14:19 | Scout Tower |
| 14:19 | Scout Tower |
| 14:22 | Scout Tower |
| 14:22 | Scout Tower |
| 14:33 | Scout Tower |
| 14:34 | Scout Tower |
| 14:35 | Scout Tower |
| 14:37 | Scout Tower |
| 14:41 | Scout Tower |
| 15:59 | Lumber Mill |
| 16:04 | Lumber Mill |
| 16:12 | Scout Tower |
| 16:34 | Guard Tower |
| 16:38 | Guard Tower |
| 16:57 | Fragmentation Shards |
| 16:58 | Flying Machine Bombs |
| 16:59 | Mortar Team |
| 17:17 | Farm |
| 17:18 | Farm |
| 17:20 | Farm |
| 17:21 | Farm |
| 17:23 | Farm |
| 17:24 | Farm |
| 18:12 | Mortar Team |
| 18:24 | Farm |
| 18:28 | Siege Engine |
| 18:29 | Mortar Team |
| 19:22 | Farm |
| 19:23 | Farm |
| 20:01 | Storm Bolt |
| 20:04 | Divine Shield |
| 20:06 | Divine Shield |
| 22:33 | Altar of Kings |
| 22:58 | Storm Bolt |
| 23:00 | Holy Light |
| 23:02 | Holy Light |
| 23:03 | Storm Bolt |
| 23:14 | Farm |
| 24:48 | Imbued Masonry |
| 24:51 | Imbued Gunpowder |
| 24:52 | Dragonhide Armor |
| 30:25 | Bash |
| 30:27 | Bash |
| 30:29 | Holy Light |
| 32:08 | Flying Machine |
| 32:10 | Flying Machine |
| 32:11 | Flying Machine |
| 32:11 | Flying Machine |
| 32:11 | Flying Machine |
| 32:14 | Steel Plating |
| 34:45 | Bash |
| 35:19 | Altar of Kings |
| 36:02 | Mortar Team |
| 36:03 | Mortar Team |
| 37:22 | Guard Tower |
| 40:16 | Storm Bolt |
| 41:10 | Storm Bolt |
| 41:12 | Holy Light |
| 41:15 | Holy Light |
| 44:30 | Divine Shield |
| 48:43 | Mortar Team |
| 48:45 | Mortar Team |
| 53:44 | Avatar |
| 60:30 | Bash |
| Right click | 2015 |
| Select group | 1114 |
| Select | 576 |
| Use ability | 145 |
| Misc. action | 107 |
| Build/train/purchase | 104 |
| Resource trade | 65 |
| Minimap ping | 17 |
| Assign group | 14 |
| Chat | 4 |
| Esc | 3 |
| Remove unit | 1 |


| Peasant | 49 | 3675 | / | 0 |
| total: | 49 | 3675g | / | 0w |
| Scout Tower | 100 | 3000 | / | 2000 |
| Arcane Tower | 2 | 140 | / | 100 |
| Guard Tower | 22 | 1540 | / | 1100 |
| Altar of Kings | 2 | 360 | / | 100 |
| Farm | 18 | 1440 | / | 360 |
| Lumber Mill | 4 | 480 | / | 0 |
| Town Hall | 7 | 2695 | / | 1435 |
| Keep | 1 | 320 | / | 210 |
| Castle | 1 | 360 | / | 210 |
| total: | 131 | 7975g | / | 3895w |
| 0:06 | Altar of Kings |
| 0:07 | Peasant |
| 0:08 | Peasant |
| 0:08 | Peasant |
| 0:08 | Peasant |
| 0:30 | Peasant |
| 0:30 | Peasant |
| 0:52 | Farm |
| 0:53 | Farm |
| 0:53 | Farm |
| 0:58 | Scout Tower |
| 1:17 | Peasant |
| 1:35 | Scout Tower |
| 1:39 | Scout Tower |
| 1:41 | Peasant |
| 1:44 | Arcane Tower |
| 2:09 | Farm |
| 2:15 | Lumber Mill |
| 2:19 | Arcane Tower |
| 2:32 | Storm Bolt |
| 2:59 | Farm |
| 2:59 | Farm |
| 3:00 | Farm |
| 3:07 | Farm |
| 3:07 | Farm |
| 3:19 | Peasant |
| 3:19 | Peasant |
| 3:20 | Peasant |
| 4:14 | Keep |
| 4:40 | Scout Tower |
| 4:41 | Scout Tower |
| 4:42 | Scout Tower |
| 5:39 | Guard Tower |
| 5:41 | Guard Tower |
| 6:26 | Scout Tower |
| 6:27 | Scout Tower |
| 6:27 | Scout Tower |
| 6:28 | Scout Tower |
| 6:29 | Scout Tower |
| 6:29 | Scout Tower |
| 6:30 | Scout Tower |
| 6:30 | Scout Tower |
| 6:31 | Scout Tower |
| 6:31 | Scout Tower |
| 6:37 | Guard Tower |
| 7:17 | Improved Lumber Harvesting |
| 7:20 | Scout Tower |
| 7:23 | Improved Masonry |
| 7:58 | Castle |
| 8:03 | Scout Tower |
| 8:04 | Scout Tower |
| 8:04 | Scout Tower |
| 8:05 | Scout Tower |
| 8:06 | Scout Tower |
| 8:09 | Guard Tower |
| 8:20 | Holy Light |
| 9:06 | Guard Tower |
| 9:40 | Guard Tower |
| 10:00 | Advanced Masonry |
| 10:17 | Scout Tower |
| 10:18 | Scout Tower |
| 10:19 | Scout Tower |
| 10:19 | Scout Tower |
| 10:20 | Scout Tower |
| 10:26 | Advanced Lumber Harvesting |
| 10:31 | Peasant |
| 11:12 | Scout Tower |
| 11:16 | Imbued Masonry |
| 11:52 | Guard Tower |
| 13:24 | Town Hall |
| 14:23 | Peasant |
| 14:23 | Peasant |
| 14:23 | Peasant |
| 15:13 | Scout Tower |
| 15:13 | Scout Tower |
| 15:40 | Scout Tower |
| 15:41 | Scout Tower |
| 15:42 | Scout Tower |
| 16:03 | Peasant |
| 16:03 | Peasant |
| 16:03 | Peasant |
| 16:13 | Scout Tower |
| 16:14 | Scout Tower |
| 16:42 | Guard Tower |
| 17:03 | Scout Tower |
| 17:04 | Scout Tower |
| 17:04 | Scout Tower |
| 17:05 | Scout Tower |
| 17:06 | Scout Tower |
| 17:06 | Scout Tower |
| 17:22 | Scout Tower |
| 17:25 | Scout Tower |
| 17:37 | Peasant |
| 17:48 | Scout Tower |
| 17:49 | Scout Tower |
| 17:50 | Scout Tower |
| 17:58 | Scout Tower |
| 17:59 | Scout Tower |
| 18:41 | Scout Tower |
| 18:41 | Scout Tower |
| 18:42 | Scout Tower |
| 18:43 | Scout Tower |
| 18:43 | Scout Tower |
| 18:44 | Scout Tower |
| 18:44 | Scout Tower |
| 18:45 | Scout Tower |
| 19:20 | Guard Tower |
| 19:50 | Altar of Kings |
| 19:56 | Scout Tower |
| 19:57 | Guard Tower |
| 20:39 | Lumber Mill |
| 20:42 | Guard Tower |
| 23:51 | Town Hall |
| 25:13 | Farm |
| 25:14 | Farm |
| 25:14 | Farm |
| 25:15 | Farm |
| 25:16 | Farm |
| 25:16 | Farm |
| 25:51 | Peasant |
| 25:51 | Peasant |
| 25:51 | Peasant |
| 26:57 | Guard Tower |
| 27:24 | Peasant |
| 27:24 | Peasant |
| 27:44 | Scout Tower |
| 27:45 | Scout Tower |
| 27:45 | Scout Tower |
| 27:46 | Scout Tower |
| 27:47 | Scout Tower |
| 29:01 | Scout Tower |
| 29:02 | Scout Tower |
| 29:07 | Scout Tower |
| 29:08 | Scout Tower |
| 29:09 | Scout Tower |
| 29:09 | Scout Tower |
| 29:17 | Scout Tower |
| 29:17 | Scout Tower |
| 29:18 | Scout Tower |
| 29:19 | Scout Tower |
| 29:19 | Scout Tower |
| 29:20 | Scout Tower |
| 29:20 | Scout Tower |
| 29:33 | Guard Tower |
| 30:35 | Guard Tower |
| 31:36 | Scout Tower |
| 31:37 | Scout Tower |
| 31:38 | Scout Tower |
| 31:38 | Scout Tower |
| 31:39 | Scout Tower |
| 31:59 | Guard Tower |
| 35:12 | Town Hall |
| 35:32 | Guard Tower |
| 36:35 | Scout Tower |
| 36:36 | Scout Tower |
| 36:36 | Scout Tower |
| 36:37 | Scout Tower |
| 36:38 | Scout Tower |
| 36:39 | Scout Tower |
| 36:40 | Scout Tower |
| 36:41 | Scout Tower |
| 36:42 | Scout Tower |
| 36:42 | Scout Tower |
| 36:43 | Scout Tower |
| 36:44 | Scout Tower |
| 36:51 | Peasant |
| 36:51 | Peasant |
| 38:12 | Peasant |
| 38:12 | Peasant |
| 38:23 | Town Hall |
| 38:59 | Guard Tower |
| 39:47 | Guard Tower |
| 40:15 | Guard Tower |
| 41:16 | Guard Tower |
| 42:11 | Guard Tower |
| 42:14 | Scout Tower |
| 42:15 | Scout Tower |
| 42:17 | Scout Tower |
| 42:18 | Scout Tower |
| 42:18 | Scout Tower |
| 42:19 | Scout Tower |
| 42:20 | Scout Tower |
| 42:20 | Scout Tower |
| 42:28 | Town Hall |
| 43:29 | Peasant |
| 43:29 | Peasant |
| 44:25 | Peasant |
| 44:25 | Peasant |
| 44:25 | Peasant |
| 44:50 | Town Hall |
| 45:21 | Guard Tower |
| 47:06 | Lumber Mill |
| 47:12 | Peasant |
| 47:13 | Peasant |
| 47:13 | Peasant |
| 51:04 | Lumber Mill |
| 52:51 | Peasant |
| 52:51 | Peasant |
| 52:51 | Peasant |
| 53:37 | Town Hall |
| 53:46 | Peasant |
| 53:47 | Peasant |
| 54:20 | Farm |
| 54:21 | Farm |
| 54:21 | Farm |
| 55:51 | Peasant |
| 55:51 | Peasant |
| 55:51 | Peasant |
| 58:51 | Peasant |
| 58:51 | Peasant |
| 58:53 | Peasant |
| 59:48 | Peasant |
| 59:48 | Peasant |
| Right click | 483 |
| Select | 353 |
| Chat | 159 |
| Build/train/purchase | 87 |
| Resource trade | 47 |
| Minimap ping | 43 |
| Misc. action | 1 |
| Use ability | 1 |
| Remove unit | 1 |
Cabeelibob
(194)
(61:40) : 
| Healing Salve | 4 | 400 |
| Lesser Clarity Potion | 5 | 350 |
| Orb of Lightning | 1 | 375 |
| Tiny Great Hall | 1 | 600 |
| Staff of Teleportation | 2 | 300 |
| Boots of Speed | 1 | 250 |
| Hood of Cunning | 1 | 500 |
| Claws of Attack +6 | 1 | 125 |
| Claws of Attack +9 | 1 | 300 |
| Khadgar's Pipe of Insight | 1 | 500 |
| total: | 18 | 3700g |
| Peon | 33 | 2475 | / | 0 |
| total: | 33 | 2475g | / | 0w |
| Watch Tower | 16 | 1760 | / | 1280 |
| Altar of Storms | 2 | 360 | / | 100 |
| Orc Burrow | 6 | 960 | / | 240 |
| War Mill | 1 | 205 | / | 0 |
| Voodoo Lounge | 3 | 390 | / | 90 |
| Great Hall | 7 | 2695 | / | 1295 |
| Stronghold | 1 | 315 | / | 190 |
| Fortress | 1 | 325 | / | 190 |
| total: | 35 | 6370g | / | 3005w |
| 0:06 | Altar of Storms |
| 0:08 | Peon |
| 0:12 | Orc Burrow |
| 0:34 | Peon |
| 0:49 | Peon |
| 1:07 | Orc Burrow |
| 1:08 | Peon |
| 1:19 | War Mill |
| 1:21 | Peon |
| 1:21 | Peon |
| 1:41 | Peon |
| 1:57 | Peon |
| 2:09 | Voodoo Lounge |
| 2:12 | Wind Walk |
| 2:26 | Orc Burrow |
| 2:31 | Peon |
| 2:31 | Peon |
| 2:48 | Spiked Barricades |
| 2:57 | Orc Burrow |
| 2:59 | Peon |
| 3:24 | Peon |
| 3:24 | Peon |
| 3:24 | Peon |
| 3:29 | Orc Burrow |
| 3:34 | Watch Tower |
| 4:00 | Watch Tower |
| 4:14 | Stronghold |
| 6:04 | Watch Tower |
| 6:11 | Watch Tower |
| 6:36 | Healing Salve |
| 6:46 | Reinforced Defenses |
| 6:47 | Improved Spiked Barricades |
| 7:09 | Fortress |
| 7:13 | Watch Tower |
| 8:08 | Critical Strike |
| 8:14 | Lesser Clarity Potion |
| 8:27 | Orc Burrow |
| 8:30 | Altar of Storms |
| 8:39 | Voodoo Lounge |
| 8:44 | Voodoo Lounge |
| 8:56 | Watch Tower |
| 8:58 | Watch Tower |
| 9:27 | Staff of Teleportation |
| 9:28 | Boots of Speed |
| 9:54 | Watch Tower |
| 11:54 | Watch Tower |
| 11:56 | Watch Tower |
| 11:58 | Watch Tower |
| 13:16 | Watch Tower |
| 13:25 | Watch Tower |
| 13:34 | Watch Tower |
| 13:58 | Critical Strike |
| 15:15 | Watch Tower |
| 15:23 | Watch Tower |
| 15:44 | Orb of Lightning |
| 15:44 | Tiny Great Hall |
| 16:08 | Healing Salve |
| 16:56 | Hood of Cunning |
| 17:06 | Claws of Attack +6 |
| 18:18 | Wind Walk |
| 19:42 | Healing Salve |
| 20:04 | Lesser Clarity Potion |
| 20:25 | Great Hall |
| 22:39 | Great Hall |
| 23:07 | Lesser Clarity Potion |
| 25:57 | Critical Strike |
| 26:02 | Peon |
| 26:02 | Peon |
| 26:02 | Peon |
| 26:02 | Peon |
| 26:09 | Peon |
| 26:26 | Peon |
| 26:27 | Peon |
| 26:31 | Peon |
| 27:24 | Peon |
| 27:24 | Peon |
| 27:28 | Peon |
| 27:28 | Peon |
| 29:33 | Bladestorm |
| 31:00 | Lesser Clarity Potion |
| 31:18 | Peon |
| 32:09 | Great Hall |
| 36:06 | Great Hall |
| 37:47 | Wind Walk |
| 39:09 | Claws of Attack +9 |
| 40:02 | Healing Salve |
| 40:53 | Lesser Clarity Potion |
| 44:25 | Great Hall |
| 44:40 | Great Hall |
| 45:35 | Khadgar's Pipe of Insight |
| 47:22 | Mirror Image |
| 47:34 | Peon |
| 47:45 | Great Hall |
| 50:06 | Staff of Teleportation |
| 51:42 | Peon |
| 51:42 | Peon |
| 51:42 | Peon |
| 51:42 | Peon |
| 51:42 | Peon |
| 60:55 | Mirror Image |
| Right click | 2297 |
| Misc. action | 327 |
| Select | 199 |
| Build/train/purchase | 133 |
| Select group | 133 |
| Resource trade | 66 |
| Chat | 46 |
| Use ability | 24 |
| Item give/drop | 21 |
| Minimap ping | 14 |
| Remove unit | 7 |
| Assign group | 2 |


| Peasant | 13 | 975 | / | 0 |
| Flying Machine | 42 | 4200 | / | 1260 |
| Dragonhawk Rider | 10 | 2000 | / | 300 |
| total: | 65 | 7175g | / | 1560w |
| Scout Tower | 28 | 840 | / | 560 |
| Arcane Tower | 1 | 70 | / | 50 |
| Guard Tower | 12 | 840 | / | 600 |
| Altar of Kings | 2 | 360 | / | 100 |
| Farm | 18 | 1440 | / | 360 |
| Lumber Mill | 1 | 120 | / | 0 |
| Blacksmith | 1 | 140 | / | 60 |
| Arcane Vault | 1 | 130 | / | 30 |
| Workshop | 3 | 420 | / | 420 |
| Gryphon Aviary | 1 | 140 | / | 150 |
| Keep | 1 | 320 | / | 210 |
| Castle | 1 | 360 | / | 210 |
| total: | 55 | 3590g | / | 1680w |
| 0:04 | Peasant |
| 0:04 | Peasant |
| 0:04 | Peasant |
| 0:10 | Altar of Kings |
| 0:14 | Farm |
| 0:31 | Peasant |
| 0:35 | Peasant |
| 0:35 | Peasant |
| 0:35 | Peasant |
| 1:10 | Peasant |
| 1:10 | Peasant |
| 1:19 | Peasant |
| 1:27 | Farm |
| 1:29 | Peasant |
| 1:36 | Scout Tower |
| 1:43 | Lumber Mill |
| 1:47 | Peasant |
| 2:06 | Scout Tower |
| 2:13 | Arcane Tower |
| 2:15 | Peasant |
| 2:19 | Scout Tower |
| 2:37 | Guard Tower |
| 2:51 | Scout Tower |
| 2:56 | Guard Tower |
| 3:20 | Scout Tower |
| 3:22 | Guard Tower |
| 3:29 | Keep |
| 3:49 | Guard Tower |
| 3:58 | Scout Tower |
| 5:36 | Scout Tower |
| 5:50 | Storm Bolt |
| 6:03 | Guard Tower |
| 6:43 | Scout Tower |
| 6:50 | Castle |
| 7:04 | Blacksmith |
| 7:13 | Farm |
| 7:13 | Farm |
| 7:18 | Guard Tower |
| 7:19 | Scout Tower |
| 7:50 | Guard Tower |
| 7:54 | Scout Tower |
| 8:14 | Black Gunpowder |
| 8:17 | Workshop |
| 8:18 | Workshop |
| 8:22 | Workshop |
| 9:09 | Bash |
| 9:10 | Bash |
| 9:15 | Holy Light |
| 9:27 | Flying Machine Bombs |
| 9:28 | Flak Cannons |
| 9:43 | Bash |
| 10:01 | Scout Tower |
| 10:02 | Scout Tower |
| 10:04 | Scout Tower |
| 10:07 | Flying Machine |
| 10:07 | Flying Machine |
| 10:07 | Flying Machine |
| 10:08 | Flying Machine |
| 10:08 | Flying Machine |
| 10:08 | Flying Machine |
| 10:10 | Refined Gunpowder |
| 10:20 | Farm |
| 10:21 | Farm |
| 10:25 | Farm |
| 10:36 | Scout Tower |
| 10:39 | Scout Tower |
| 10:44 | Scout Tower |
| 10:46 | Guard Tower |
| 11:37 | Imbued Gunpowder |
| 11:39 | Iron Plating |
| 11:40 | Flying Machine |
| 11:40 | Flying Machine |
| 11:40 | Flying Machine |
| 11:40 | Flying Machine |
| 11:41 | Flying Machine |
| 12:16 | Farm |
| 12:17 | Farm |
| 12:24 | Gryphon Aviary |
| 12:37 | Arcane Vault |
| 13:28 | Flying Machine |
| 13:28 | Flying Machine |
| 13:29 | Flying Machine |
| 13:29 | Flying Machine |
| 13:39 | Farm |
| 13:51 | Guard Tower |
| 13:57 | Scout Tower |
| 13:58 | Scout Tower |
| 14:00 | Scout Tower |
| 14:03 | Scout Tower |
| 14:25 | Scout Tower |
| 14:26 | Scout Tower |
| 14:29 | Scout Tower |
| 14:31 | Scout Tower |
| 14:37 | Scout Tower |
| 14:48 | Guard Tower |
| 15:09 | Flying Machine |
| 15:39 | Guard Tower |
| 15:41 | Scout Tower |
| 15:48 | Scout Tower |
| 15:52 | Scout Tower |
| 15:56 | Flying Machine |
| 15:56 | Flying Machine |
| 15:56 | Flying Machine |
| 15:57 | Flying Machine |
| 15:57 | Flying Machine |
| 15:57 | Flying Machine |
| 15:57 | Flying Machine |
| 15:57 | Flying Machine |
| 16:03 | Steel Plating |
| 17:11 | Cloud |
| 17:12 | Dragonhawk Rider |
| 17:12 | Dragonhawk Rider |
| 17:12 | Dragonhawk Rider |
| 17:20 | Farm |
| 17:21 | Farm |
| 17:41 | Guard Tower |
| 18:03 | Mithril Plating |
| 19:27 | Divine Shield |
| 21:40 | Flying Machine |
| 21:40 | Flying Machine |
| 21:44 | Dragonhawk Rider |
| 21:44 | Dragonhawk Rider |
| 22:01 | Improved Masonry |
| 22:45 | Flying Machine |
| 22:45 | Flying Machine |
| 24:05 | Flying Machine |
| 24:05 | Flying Machine |
| 24:05 | Flying Machine |
| 24:14 | Dragonhawk Rider |
| 35:49 | Flying Machine |
| 35:49 | Flying Machine |
| 35:49 | Flying Machine |
| 35:49 | Flying Machine |
| 35:49 | Flying Machine |
| 35:49 | Flying Machine |
| 35:50 | Flying Machine |
| 35:50 | Flying Machine |
| 35:53 | Divine Shield |
| 36:12 | Dragonhawk Rider |
| 36:12 | Dragonhawk Rider |
| 36:19 | Farm |
| 36:20 | Farm |
| 36:21 | Farm |
| 36:58 | Farm |
| 36:59 | Farm |
| 38:04 | Flying Machine |
| 38:04 | Flying Machine |
| 38:04 | Flying Machine |
| 38:09 | Dragonhawk Rider |
| 38:09 | Dragonhawk Rider |
| 39:17 | Divine Shield |
| 40:20 | Storm Bolt |
| 47:38 | Altar of Kings |
| 47:43 | Farm |
| 53:16 | Resurrection |
| 53:21 | Avatar |
| 54:11 | Holy Light |
| 57:03 | Devotion Aura |
| 57:09 | Avatar |
| 60:44 | Thunder Clap |
| Right click | 3804 |
| Select group | 3256 |
| Select | 642 |
| Chat | 142 |
| Minimap ping | 127 |
| Build/train/purchase | 121 |
| Use ability | 93 |
| Assign group | 44 |
| Resource trade | 26 |
| Misc. action | 7 |
| Esc | 3 |
215 units @ 34.1k
/ 5.6k
139 buildings @ 19.4k
/ 10.5k


| Healing Salve | 3 | 300 |
| Orb of Lightning | 1 | 375 |
| Lesser Clarity Potion | 2 | 140 |
| Orb of Fire | 1 | 325 |
| total: | 7 | 1140g |
| Peon | 16 | 1200 | / | 0 |
| Grunt | 5 | 1000 | / | 0 |
| Troll Witch Doctor | 8 | 1160 | / | 200 |
| Shaman | 3 | 390 | / | 60 |
| Tauren | 6 | 1680 | / | 480 |
| Troll Headhunter | 2 | 280 | / | 40 |
| Troll Batrider | 12 | 1920 | / | 480 |
| total: | 52 | 7630g | / | 1260w |
| Watch Tower | 47 | 5170 | / | 3760 |
| Orc Burrow | 8 | 1280 | / | 320 |
| War Mill | 1 | 205 | / | 0 |
| Altar of Storms | 1 | 180 | / | 50 |
| Barracks | 2 | 360 | / | 100 |
| Voodoo Lounge | 1 | 130 | / | 30 |
| Great Hall | 4 | 1540 | / | 740 |
| Spirit Lodge | 2 | 300 | / | 300 |
| Tauren Totem | 2 | 270 | / | 310 |
| Beastiary | 2 | 290 | / | 280 |
| Stronghold | 2 | 630 | / | 380 |
| Fortress | 1 | 325 | / | 190 |
| total: | 70 | 9725g | / | 5890w |
| 0:03 | Peon |
| 0:03 | Peon |
| 0:04 | Peon |
| 0:08 | Orc Burrow |
| 0:29 | War Mill |
| 0:31 | Peon |
| 0:42 | Altar of Storms |
| 0:56 | Peon |
| 1:09 | Barracks |
| 1:15 | Barracks |
| 1:18 | Peon |
| 1:32 | Peon |
| 2:01 | Orc Burrow |
| 2:10 | Peon |
| 2:16 | Steel Melee Weapons |
| 2:20 | Grunt |
| 2:31 | Voodoo Lounge |
| 2:52 | Wind Walk |
| 2:56 | Grunt |
| 3:07 | Peon |
| 3:29 | Grunt |
| 3:51 | Steel Armor |
| 3:55 | Healing Salve |
| 4:17 | Watch Tower |
| 4:24 | Watch Tower |
| 4:26 | Spiked Barricades |
| 4:43 | Critical Strike |
| 4:59 | Stronghold |
| 5:01 | Grunt |
| 5:27 | Watch Tower |
| 5:42 | Watch Tower |
| 5:55 | Orc Burrow |
| 6:34 | Critical Strike |
| 7:01 | Grunt |
| 7:24 | Fortress |
| 8:02 | Spirit Lodge |
| 8:15 | Healing Salve |
| 8:22 | Spirit Lodge |
| 8:25 | War Stomp |
| 8:46 | Troll Regeneration |
| 9:11 | Orc Burrow |
| 9:35 | Wind Walk |
| 9:53 | Reinforced Defenses |
| 9:57 | Tauren Totem |
| 10:01 | Peon |
| 10:01 | Peon |
| 10:06 | Tauren Totem |
| 10:29 | Witch Doctor Adept Training |
| 10:29 | Troll Witch Doctor |
| 10:59 | Peon |
| 11:04 | Shaman Adept Training |
| 11:04 | Shaman |
| 12:02 | Pulverize |
| 12:03 | Tauren |
| 12:33 | Peon |
| 12:33 | Peon |
| 12:42 | Shaman Master Training |
| 12:44 | Tauren |
| 13:20 | Endurance Aura |
| 13:50 | Shaman |
| 13:53 | Tauren |
| 13:58 | Orc Burrow |
| 14:21 | Spirit Walker Adept Training |
| 14:22 | Witch Doctor Master Training |
| 15:01 | Orc Burrow |
| 15:03 | Tauren |
| 15:05 | Shaman |
| 15:42 | Thorium Melee Weapons |
| 15:45 | Orc Burrow |
| 16:16 | Tauren |
| 16:22 | Troll Witch Doctor |
| 17:20 | Troll Witch Doctor |
| 19:00 | Watch Tower |
| 19:04 | Watch Tower |
| 20:04 | Critical Strike |
| 20:05 | War Stomp |
| 20:18 | Watch Tower |
| 20:21 | Watch Tower |
| 21:56 | Tauren |
| 22:34 | Watch Tower |
| 22:48 | Great Hall |
| 22:52 | Watch Tower |
| 23:32 | Watch Tower |
| 23:33 | Watch Tower |
| 23:35 | Watch Tower |
| 24:10 | Endurance Aura |
| 24:40 | Great Hall |
| 24:41 | Watch Tower |
| 24:44 | Watch Tower |
| 26:09 | Watch Tower |
| 26:28 | Orb of Lightning |
| 26:46 | Great Hall |
| 26:48 | Watch Tower |
| 27:19 | Watch Tower |
| 27:22 | Watch Tower |
| 27:24 | Watch Tower |
| 27:26 | Watch Tower |
| 28:33 | Watch Tower |
| 28:35 | Watch Tower |
| 28:36 | Watch Tower |
| 28:37 | Watch Tower |
| 28:40 | Watch Tower |
| 30:02 | Watch Tower |
| 30:05 | Watch Tower |
| 30:10 | Watch Tower |
| 30:13 | Watch Tower |
| 31:09 | Watch Tower |
| 31:14 | Watch Tower |
| 32:48 | Watch Tower |
| 33:08 | War Stomp |
| 34:15 | Bladestorm |
| 36:26 | Watch Tower |
| 36:31 | Stronghold |
| 36:37 | Watch Tower |
| 36:40 | Watch Tower |
| 36:43 | Troll Witch Doctor |
| 36:59 | Troll Headhunter |
| 37:29 | Troll Headhunter |
| 37:32 | Watch Tower |
| 37:33 | Watch Tower |
| 38:02 | Watch Tower |
| 38:57 | Great Hall |
| 38:59 | Watch Tower |
| 39:00 | Watch Tower |
| 39:02 | Watch Tower |
| 39:16 | Watch Tower |
| 40:20 | Beastiary |
| 40:48 | Watch Tower |
| 40:51 | Orc Burrow |
| 41:24 | Watch Tower |
| 41:30 | Troll Batrider |
| 41:33 | Beastiary |
| 41:52 | Peon |
| 41:52 | Peon |
| 42:01 | Troll Batrider |
| 43:07 | Troll Batrider |
| 43:07 | Troll Batrider |
| 43:30 | Troll Witch Doctor |
| 44:16 | Watch Tower |
| 44:36 | Lesser Clarity Potion |
| 44:44 | Troll Batrider |
| 44:45 | Troll Batrider |
| 45:26 | Troll Witch Doctor |
| 45:47 | Troll Witch Doctor |
| 46:51 | Troll Witch Doctor |
| 47:31 | Troll Batrider |
| 47:32 | Troll Batrider |
| 49:24 | Troll Batrider |
| 49:24 | Troll Batrider |
| 50:41 | Watch Tower |
| 52:38 | Mirror Image |
| 53:34 | Troll Batrider |
| 53:34 | Troll Batrider |
| 53:48 | Healing Salve |
| 53:53 | Lesser Clarity Potion |
| 55:54 | Orb of Fire |
| Right click | 1350 |
| Select | 1329 |
| Select group | 632 |
| Misc. action | 508 |
| Build/train/purchase | 159 |
| Use ability | 122 |
| Chat | 75 |
| Minimap ping | 48 |
| Assign group | 36 |
| Item give/drop | 5 |
| Remove unit | 3 |


x1)
| Scroll of Regeneration | 3 | 300 |
| Lesser Clarity Potion | 4 | 280 |
| Potion of Healing | 1 | 150 |
| Scroll of Town Portal | 1 | 350 |
| Tome of Retraining | 1 | 300 |
| total: | 10 | 1380g |
| Peasant | 8 | 600 | / | 0 |
| Rifleman | 8 | 1640 | / | 240 |
| Priest | 7 | 945 | / | 70 |
| Siege Engine | 8 | 1560 | / | 480 |
| Wisp | 2 | 120 | / | 0 |
| total: | 33 | 4865g | / | 790w |
| Scout Tower | 6 | 180 | / | 120 |
| Arcane Tower | 1 | 70 | / | 50 |
| Guard Tower | 2 | 140 | / | 100 |
| Farm | 12 | 960 | / | 240 |
| Altar of Kings | 1 | 180 | / | 50 |
| Blacksmith | 1 | 140 | / | 60 |
| Barracks | 1 | 160 | / | 60 |
| Arcane Vault | 1 | 130 | / | 30 |
| Lumber Mill | 1 | 120 | / | 0 |
| Arcane Sanctum | 2 | 300 | / | 280 |
| Workshop | 2 | 280 | / | 280 |
| Keep | 1 | 320 | / | 210 |
| Castle | 1 | 360 | / | 210 |
| total: | 27 | 2450g | / | 1120w |
| 0:03 | Peasant |
| 0:03 | Peasant |
| 0:04 | Peasant |
| 0:18 | Farm |
| 0:22 | Altar of Kings |
| 0:38 | Peasant |
| 0:52 | Blacksmith |
| 1:07 | Barracks |
| 1:13 | Peasant |
| 1:14 | Peasant |
| 1:40 | Farm |
| 1:44 | Peasant |
| 1:45 | Peasant |
| 2:04 | Arcane Vault |
| 2:18 | Scout Tower |
| 2:21 | Farm |
| 2:28 | Rifleman |
| 2:30 | Summon Water Elemental |
| 2:49 | Rifleman |
| 2:55 | Arcane Tower |
| 3:23 | Rifleman |
| 3:29 | Farm |
| 3:33 | Lumber Mill |
| 4:03 | Rifleman |
| 4:12 | Brilliance Aura |
| 4:22 | Black Gunpowder |
| 4:25 | Rifleman |
| 4:32 | Scroll of Regeneration |
| 4:35 | Lesser Clarity Potion |
| 5:34 | Summon Water Elemental |
| 5:39 | Rifleman |
| 5:44 | Farm |
| 5:52 | Farm |
| 5:58 | Scroll of Regeneration |
| 6:00 | Lesser Clarity Potion |
| 6:46 | Keep |
| 6:47 | Rifleman |
| 6:53 | Scout Tower |
| 6:57 | Scout Tower |
| 8:12 | Rifleman |
| 8:14 | Guard Tower |
| 8:16 | Improved Masonry |
| 8:21 | Farm |
| 8:24 | Farm |
| 8:27 | Studded Leather Armor |
| 8:29 | Scroll of Regeneration |
| 9:13 | Improved Lumber Harvesting |
| 9:16 | Long Rifles |
| 9:20 | Brilliance Aura |
| 9:35 | Arcane Sanctum |
| 9:39 | Arcane Sanctum |
| 10:10 | Storm Bolt |
| 10:15 | Potion of Healing |
| 10:29 | Refined Gunpowder |
| 10:42 | Castle |
| 11:19 | Bash |
| 11:37 | Sorceress Adept Training |
| 11:37 | Priest Adept Training |
| 12:29 | Priest |
| 13:01 | Storm Bolt |
| 13:12 | Tome of Retraining |
| 13:12 | Retrain Hero |
| 13:15 | Storm Bolt |
| 13:15 | Thunder Clap |
| 13:16 | Thunder Clap |
| 13:27 | Scout Tower |
| 13:29 | Scout Tower |
| 13:31 | Scout Tower |
| 13:37 | Advanced Masonry |
| 13:39 | Imbued Gunpowder |
| 13:43 | Priest Master Training |
| 13:44 | Sorceress Master Training |
| 14:08 | Guard Tower |
| 15:32 | Priest |
| 15:33 | Priest |
| 16:48 | Priest |
| 16:52 | Farm |
| 16:55 | Farm |
| 16:55 | Farm |
| 17:21 | Storm Bolt |
| 17:30 | Priest |
| 17:32 | Priest |
| 20:48 | Summon Water Elemental |
| 23:44 | Workshop |
| 23:48 | Workshop |
| 24:23 | Barrage |
| 24:25 | Siege Engine |
| 24:26 | Siege Engine |
| 24:26 | Siege Engine |
| 24:27 | Siege Engine |
| 24:28 | Siege Engine |
| 24:28 | Siege Engine |
| 24:39 | Priest |
| 26:06 | Iron Plating |
| 26:12 | Imbued Masonry |
| 29:26 | Steel Plating |
| 33:42 | Siege Engine |
| 33:43 | Siege Engine |
| 36:55 | Mithril Plating |
| 37:32 | Farm |
| 38:38 | Thunder Clap |
| 39:28 | Mass Teleport |
| 41:38 | Wisp |
| 41:38 | Wisp |
| 42:03 | Lesser Clarity Potion |
| 42:03 | Lesser Clarity Potion |
| 42:12 | Scroll of Town Portal |
| Right click | 1895 |
| Select | 561 |
| Select group | 506 |
| Misc. action | 303 |
| Chat | 219 |
| Build/train/purchase | 205 |
| Assign group | 70 |
| Use ability | 48 |
| Minimap ping | 14 |
| Item give/drop | 7 |
| Esc | 1 |

| Scroll of Protection | 1 | 150 |
| Claws of Attack +6 | 1 | 125 |
| total: | 2 | 275g |
| Peasant | 39 | 2925 | / | 0 |
| Footman | 4 | 540 | / | 0 |
| Gryphon Rider | 33 | 9240 | / | 2310 |
| Priest | 3 | 405 | / | 30 |
| Dragonhawk Rider | 1 | 200 | / | 30 |
| Magnataur Warrior | 1 | 340 | / | 15 |
| Polar Furbolg Shaman | 1 | 275 | / | 30 |
| Blue Dragonspawn Meddler | 1 | 145 | / | 0 |
| Barbed Arachnathid | 1 | 95 | / | 5 |
| Chimaera | 7 | 2310 | / | 490 |
| Wisp | 6 | 360 | / | 0 |
| total: | 97 | 16835g | / | 2910w |
| Altar of Kings | 1 | 180 | / | 50 |
| Barracks | 1 | 160 | / | 60 |
| Farm | 9 | 720 | / | 180 |
| Lumber Mill | 1 | 120 | / | 0 |
| Arcane Vault | 1 | 130 | / | 30 |
| Blacksmith | 1 | 140 | / | 60 |
| Town Hall | 2 | 770 | / | 410 |
| Gryphon Aviary | 2 | 280 | / | 300 |
| Arcane Sanctum | 1 | 150 | / | 140 |
| Workshop | 1 | 140 | / | 140 |
| Keep | 1 | 320 | / | 210 |
| Castle | 1 | 360 | / | 210 |
| Tree of Life | 3 | 1020 | / | 555 |
| Altar of Elders | 2 | 360 | / | 100 |
| Ancient of War | 1 | 150 | / | 60 |
| total: | 26 | 4320g | / | 2085w |
| 0:14 | Altar of Kings |
| 0:19 | Peasant |
| 0:21 | Peasant |
| 0:58 | Barracks |
| 1:16 | Farm |
| 1:47 | Summon Water Elemental |
| 1:52 | Farm |
| 1:56 | Farm |
| 2:06 | Lumber Mill |
| 2:09 | Peasant |
| 2:09 | Peasant |
| 2:10 | Peasant |
| 2:10 | Peasant |
| 2:47 | Footman |
| 3:00 | Arcane Vault |
| 3:52 | Footman |
| 3:52 | Footman |
| 4:51 | Footman |
| 5:02 | Keep |
| 6:44 | Blizzard |
| 8:10 | Blacksmith |
| 9:17 | Summon Water Elemental |
| 9:23 | Castle |
| 9:27 | Improved Lumber Harvesting |
| 9:55 | Town Hall |
| 10:34 | Gryphon Aviary |
| 10:47 | Arcane Sanctum |
| 11:49 | Peasant |
| 11:49 | Peasant |
| 12:17 | Peasant |
| 12:17 | Peasant |
| 12:17 | Peasant |
| 12:17 | Peasant |
| 12:17 | Peasant |
| 12:18 | Peasant |
| 12:18 | Peasant |
| 15:02 | Gryphon Rider |
| 16:07 | Workshop |
| 16:13 | Peasant |
| 16:13 | Peasant |
| 16:13 | Peasant |
| 16:13 | Peasant |
| 16:13 | Peasant |
| 16:14 | Peasant |
| 16:27 | Storm Hammers |
| 16:28 | Gryphon Rider |
| 16:28 | Gryphon Rider |
| 16:28 | Gryphon Rider |
| 18:12 | Gryphon Rider |
| 18:12 | Gryphon Rider |
| 18:26 | Peasant |
| 18:26 | Peasant |
| 18:26 | Peasant |
| 19:01 | Priest Adept Training |
| 19:02 | Priest |
| 19:02 | Priest |
| 19:02 | Priest |
| 19:28 | Scroll of Protection |
| 19:35 | Blizzard |
| 20:26 | Gryphon Rider |
| 20:26 | Gryphon Rider |
| 20:27 | Gryphon Rider |
| 20:52 | Peasant |
| 20:52 | Peasant |
| 21:21 | Farm |
| 24:13 | Gryphon Rider |
| 24:13 | Gryphon Rider |
| 24:13 | Gryphon Rider |
| 24:13 | Gryphon Rider |
| 24:13 | Gryphon Rider |
| 24:17 | Farm |
| 24:21 | Farm |
| 24:25 | Farm |
| 24:58 | Farm |
| 25:04 | Farm |
| 25:11 | Peasant |
| 25:11 | Peasant |
| 25:11 | Peasant |
| 25:35 | Claws of Attack +6 |
| 26:37 | Tree of Life |
| 26:47 | Altar of Elders |
| 26:52 | Ancient of War |
| 26:54 | Chimaera |
| 26:55 | Chimaera |
| 27:00 | Chimaera |
| 27:00 | Chimaera |
| 28:35 | Gryphon Rider |
| 28:35 | Gryphon Rider |
| 30:23 | Summon Water Elemental |
| 31:56 | Magnataur Warrior |
| 31:57 | Polar Furbolg Shaman |
| 31:58 | Blue Dragonspawn Meddler |
| 31:58 | Barbed Arachnathid |
| 33:23 | Peasant |
| 33:23 | Peasant |
| 33:23 | Peasant |
| 34:32 | Tree of Life |
| 35:39 | Dragonhawk Rider |
| 36:01 | Gryphon Rider |
| 36:19 | Chimaera |
| 36:21 | Chimaera |
| 36:32 | Altar of Elders |
| 36:36 | Wisp |
| 36:37 | Wisp |
| 36:37 | Wisp |
| 36:37 | Wisp |
| 36:37 | Wisp |
| 37:09 | Gryphon Rider |
| 37:58 | Gryphon Rider |
| 37:58 | Gryphon Rider |
| 37:58 | Gryphon Rider |
| 37:58 | Gryphon Rider |
| 38:32 | Wisp |
| 39:30 | Gryphon Rider |
| 39:32 | Gryphon Rider |
| 43:10 | Peasant |
| 43:10 | Peasant |
| 43:11 | Peasant |
| 43:11 | Peasant |
| 43:11 | Peasant |
| 43:11 | Peasant |
| 43:11 | Peasant |
| 47:18 | Mass Teleport |
| 48:56 | Tree of Life |
| 52:35 | Gryphon Rider |
| 52:35 | Gryphon Rider |
| 52:35 | Gryphon Rider |
| 52:35 | Gryphon Rider |
| 52:36 | Gryphon Rider |
| 52:36 | Gryphon Rider |
| 52:36 | Gryphon Rider |
| 52:45 | Gryphon Aviary |
| 53:41 | Chimaera |
| 55:09 | Gryphon Rider |
| 55:09 | Gryphon Rider |
| 57:09 | Town Hall |
| Select | 428 |
| Right click | 358 |
| Build/train/purchase | 131 |
| Misc. action | 24 |
| Use ability | 20 |
| Resource trade | 11 |
| Minimap ping | 8 |
| Remove unit | 6 |

| Scroll of Regeneration | 1 | 100 |
| total: | 1 | 100g |
| Wisp | 14 | 840 | / | 0 |
| Archer | 5 | 650 | / | 50 |
| Druid of the Talon | 7 | 1015 | / | 140 |
| Chimaera | 7 | 2310 | / | 490 |
| total: | 33 | 4815g | / | 680w |
| Altar of Elders | 1 | 180 | / | 50 |
| Moon Well | 8 | 1440 | / | 320 |
| Ancient of War | 1 | 150 | / | 60 |
| Hunter's Hall | 1 | 210 | / | 100 |
| Tree of Life | 1 | 340 | / | 185 |
| Ancient of Wind | 2 | 300 | / | 280 |
| Chimaera Roost | 2 | 280 | / | 380 |
| Tree of Ages | 1 | 320 | / | 180 |
| Tree of Eternity | 1 | 330 | / | 200 |
| total: | 16 | 2900g | / | 1375w |
| 0:04 | Altar of Elders |
| 0:05 | Wisp |
| 0:05 | Wisp |
| 0:22 | Moon Well |
| 0:24 | Wisp |
| 0:35 | Ancient of War |
| 0:38 | Wisp |
| 0:51 | Wisp |
| 1:00 | Wisp |
| 1:08 | Wisp |
| 1:20 | Wisp |
| 1:39 | Moon Well |
| 1:40 | Archer |
| 1:46 | Wisp |
| 1:59 | Wisp |
| 2:12 | Force of Nature |
| 2:31 | Archer |
| 2:44 | Tree of Ages |
| 2:46 | Archer |
| 3:10 | Archer |
| 3:27 | Moon Well |
| 3:35 | Archer |
| 4:18 | Entangling Roots |
| 5:13 | Wisp |
| 5:13 | Wisp |
| 5:16 | Hunter's Hall |
| 5:21 | Moon Well |
| 5:23 | Improved Bows |
| 6:12 | Entangling Roots |
| 6:41 | Ancient of Wind |
| 6:42 | Ancient of Wind |
| 7:13 | Ultravision |
| 7:54 | Druid of the Talon |
| 7:55 | Druid of the Talon |
| 7:56 | Druid of the Talon Adept Training |
| 7:59 | Druid of the Talon |
| 8:32 | Tree of Eternity |
| 8:36 | Druid of the Talon |
| 8:43 | Strength of the Wild |
| 9:02 | Reinforced Hides |
| 9:39 | Force of Nature |
| 9:46 | Druid of the Talon |
| 9:48 | Improved Strength of the Wild |
| 10:12 | Scroll of Regeneration |
| 10:30 | Druid of the Talon |
| 11:07 | Chimaera Roost |
| 11:09 | Chimaera Roost |
| 11:14 | Druid of the Talon Master Training |
| 11:42 | Moon Well |
| 11:45 | Moon Well |
| 12:09 | Well Spring |
| 12:15 | Improved Reinforced Hides |
| 12:35 | Corrosive Breath |
| 13:23 | Chimaera |
| 13:25 | Wisp |
| 13:25 | Wisp |
| 13:50 | Moon Well |
| 14:26 | Chimaera |
| 14:29 | Entangling Roots |
| 14:54 | Chimaera |
| 15:08 | Advanced Strength of the Wild |
| 15:32 | Chimaera |
| 15:59 | Chimaera |
| 17:05 | Chimaera |
| 17:24 | Chimaera |
| 17:30 | Druid of the Talon |
| 19:38 | Tree of Life |
| 19:40 | Moon Well |
| Right click | 826 |
| Select | 233 |
| Select group | 143 |
| Misc. action | 63 |
| Build/train/purchase | 56 |
| Assign group | 35 |
| Use ability | 13 |
| Esc | 3 |
| Item give/drop | 1 |
⇛